 Dungeon Crawl Stone Soup version 0.22.1-1-ga44c0e5 (webtiles) character file.

31 Fuodd the Sneak (level 3, 0/16 HPs)
             Began as a Spriggan Enchanter on Sept 30, 2018.
             Slain by a gnoll
             ... wielding a +0 spear
              (6 damage)
             ... on level 2 of the Dungeon.
             The game lasted 00:06:37 (1230 turns).

Fuodd the Sneak (Spriggan Enchanter)                Turns: 1230, Time: 00:06:37

Health: 0/16       AC:  2    Str:  4    XL:     3   Next: 7%
Magic:  8/8        EV: 19    Int: 17    God:
Gold:   79         SH:  0    Dex: 16    Spells: 1/7 levels left

rFire    . . .     SeeInvis +   a - +1 dagger (elec)
rCold    . . .     Gourm    .   (shield restricted)
rNeg     . . .     Faith    .   b - +0 robe
rPois    .         Spirit   .   (helmet restricted)
rElec    .         Reflect  .   (no cloak)
rCorr    .         Harm     .   (gloves unavailable)
MR       .....                  (boots unavailable)
Stlth    +++.......             (no amulet)
HPRegen  0.05/turn              (no ring)
MPRegen  0.11/turn              (no ring)

@: very quick
A: very small, unfitting armour, see invisible, herbivore, speed 3, slow
metabolism 2
a: no special abilities


You were on level 2 of the Dungeon.
You were not hungry.

You visited 1 branch of the dungeon, and saw 2 of its levels.

You collected 79 gold pieces.

Inventory:

Hand Weapons
 a - a +1 dagger of electrocution (weapon)
Missiles
 c - 65 stones (quivered)
Armour
 b - a +0 robe (worn)
Scrolls
 e - a scroll of magic mapping {unknown}
 j - a scroll of amnesia {unknown}
 k - a scroll of fog {unknown}
 l - 2 scrolls of enchant weapon {unknown}
Potions
 f - a potion of ambrosia {unknown}
 g - a potion of heal wounds {unknown}
 h - a potion of might {unknown}
 i - a potion of haste {unknown}
 m - a potion of berserk rage {unknown}
Comestibles
 d - 3 rations


   Skills:
 + Level 1.2 Short Blades
 + Level 3.4 Dodging
 + Level 5.5 Stealth
 + Level 2.8 Spellcasting
 + Level 4.0 Hexes
 + Level 0.1 Ice Magic


You had one spell level left.
You knew the following spells:

 Your Spells              Type           Power        Failure   Level  Hunger
a - Corona                Hex            ###....      3%          1    #......
b - Ensorcelled Hibernat  Hex/Ice        #.....       12%         2    ##.....
c - Confuse               Hex            ###.....     10%         3    ###....

Your spell library contained the following spells:

 Spells                   Type           Power        Failure   Level  Hunger
 Tukima's Dance           Hex            ###.....     10%         3    ###....
 Dazzling Spray           Conj/Hex       #.....       24%         3    ###....


Dungeon Overview and Level Annotations

Branches:
Dungeon (2/15)

Altars:


Innate Abilities, Weirdness & Mutations

You are very small and have problems with some larger weapons.
You are too small for most types of armour.
You have supernaturally acute eyesight. (SInv)
You are a herbivore.
You cover ground extremely quickly.
You need to consume almost no food.


Message History

Casting: Ensorcelled Hibernation (safe; 12% risk of failure)
Confirm with . or Enter, or press ? or * to list all spells.
Aiming: Ensorcelled Hibernation (safe; 12% risk of failure)
Press: ? - help, Shift-Dir - straight line, f - jackal
Aim: a jackal (chance to defeat MR: 58%)
The jackal looks drowsy...
The helpless jackal fails to defend itself.
You impale the jackal!!
You kill the jackal!
You start resting.
Magic restored.
You start resting.
HP restored.
You climb downwards.
The gnoll completely misses you. The jackal misses you.
The gnoll hits you with a spear!
Ouch! That really hurt!
The jackal bites you.
There is a stone staircase leading up, spattered with blood here.
The jackal barely misses you. The gnoll hits you with a spear.
You die...

... ######.#
#......
#...l####..
#.........#
#.†.......#
#..........
#..........
#@g........
#...h##.<.....#
#>... #..#.###.
#.!.. #....#
#.... $.....
#.... ...###
#.... .. #....


You could see a gnoll, a jackal and a frilled lizard (wandering).

Vanquished Creatures
  2 leopard geckos (D:1)
  3 bats (D:1)
  A giant cockroach (D:1)
  3 goblins (D:1)
  2 hobgoblins (D:1)
  5 jackals (D:1)
  3 kobolds (D:1)
  A quokka (D:1)
  A frilled lizard (D:2)
  4 rats (D:1)
25 creatures vanquished.

Notes
Turn   | Place    | Note
-------+----------+-------------------------------------------
     0 | D:1      | Fuodd the Spriggan Enchanter began the quest for the Orb.
     0 | D:1      | Reached XP level 1. HP: 9/9 MP: 5/5
   141 | D:1      | Reached XP level 2. HP: 12/13 MP: 6/6
   145 | D:1      | Learned a level 2 spell: Ensorcelled Hibernation
   194 | D:1      | Reached skill level 5 in Stealth
  1091 | D:1      | Reached XP level 3. HP: 12/16 MP: 2/8
  1096 | D:1      | Learned a level 3 spell: Confuse
  1230 | D:2      | Slain by a gnoll

Skill      XL: |  1  2 |
---------------+-------+-----
Stealth        | 5 |  5.5
Hexes          | 4 |  4.0
Short Blades   | |  1.2
Dodging        | |  3.4
Spellcasting   | |  2.8
Ice Magic      | |  0.1

Action                   || total
-------------------------++-------
Melee: Dagger            ||    42
 Cast: Corona            ||     2
       Ensorcelled Hiber ||    18
 Stab: Sleeping          ||    21
Armor: Robe              ||     6
Dodge: Dodged            ||    41
